 Dungeon Crawl Stone Soup version 0.22.1-1-ga44c0e56f4 (webtiles) character file.

1141 Kniotic the Ruffian (level 7, -6/51 HPs)
             Began as a Demigod Transmuter on Oct 26, 2018.
             Mangled by a cyan ugly thing (15 damage)
             ... on level 6 of the Dungeon.
             The game lasted 00:10:24 (7416 turns).

Kniotic the Ruffian (Demigod Transmuter)            Turns: 7416, Time: 00:10:25

Health: -6/51      AC:  6    Str: 17    XL:     7   Next: 91%
Magic:  7/17       EV: 12    Int: 17    God:
Gold:   138        SH:  0    Dex: 18    Spells: 12/15 levels left

rFire    . . .     SeeInvis .     - Unarmed
rCold    . . .     Gourm    .   (no shield)
rNeg     . . .     Faith    .   b - +1 robe
rPois    .         Spirit   .   (no helmet)
rElec    .         Reflect  .   (no cloak)
rCorr    .         Harm     .   (no gloves)
MR       .....                  f - +2 pair of boots
Stlth    +++.......             (no amulet)
HPRegen  0.17/turn              w - ring of stealth
MPRegen  0.15/turn              A - +2 ring of dexterity

@: appendage
A: horns 2, high mp 1
a: End Transformation


You were on level 6 of the Dungeon.
You were not hungry.
You had grown temporary horns.
You visited 2 branches of the dungeon, and saw 7 of its levels.

You collected 138 gold pieces.

Inventory:

Missiles
 a - 45 arrows
Armour
 b - a +1 robe (worn)
 f - a +2 pair of boots (worn)
Jewellery
 n - an uncursed amulet of magic regeneration {unknown}
 w - a ring of stealth (left hand)
 A - a +2 ring of dexterity (right hand)
Wands
 i - a wand of polymorph (15)
Scrolls
 c - a scroll of noise
 e - 2 scrolls of fog
 h - a scroll of teleportation
 j - a scroll of fear
 r - a scroll of magic mapping {unknown}
 s - a scroll of enchant weapon {unknown}
 x - 3 scrolls of remove curse
 y - 2 scrolls of enchant armour
 B - a scroll of acquirement {unknown}
 C - a scroll of blinking {unknown}
Potions
 g - a potion of heal wounds
 k - 2 potions of haste {unknown}
 l - 2 potions of might {unknown}
 m - 4 potions of curing {unknown}
 o - 2 potions of lignification {unknown}
 p - a potion of mutation {unknown}
 q - a potion of agility {unknown}
 t - a potion of brilliance {unknown}
 u - a potion of degeneration {unknown}
 v - a potion of flight {unknown}
Comestibles
 d - 3 rations


   Skills:
 - Level 0.8 Fighting
 - Level 1.7 Dodging
 * Level 7.7 Unarmed Combat
 + Level 4.9 Spellcasting
 - Level 1.7 Transmutations


You had 12 spell levels left.
You knew the following spells:

 Your Spells              Type           Power        Failure   Level  Hunger
a - Beastly Appendage     Tmut           ##....       7%          1    None
b - Sticks to Snakes      Tmut           ##......     11%         2    #......

Your spell library contained the following spells:

 Spells                   Type           Power        Failure   Level  Hunger
 Spider Form              Tmut/Pois      #.........   30%         3    ###....
 Ice Form                 Ice/Tmut       #.......     69%         4    ####...
 Blade Hands              Tmut           ##........   88%         5    ######.


Dungeon Overview and Level Annotations

Branches:
Dungeon (6/15)             Temple (1/1) D:5


Innate Abilities, Weirdness & Mutations

You have an increased reservoir of magic. (+10% MP)
You have a pair of horns on your head.


Message History

Your ball python bites the cyan ugly thing. x2
The cyan ugly thing gores your ball python!
Your ball python dies!
Your ball python bites the cyan ugly thing.
Your ball python bites the cyan ugly thing but does no damage.
Your ball python constricts the cyan ugly thing.
You punch the cyan ugly thing! You headbutt the cyan ugly thing.
The cyan ugly thing is moderately wounded.
Your ball python bites the cyan ugly thing but does no damage.
The cyan ugly thing gores you! The cyan ugly thing shocks you!
Your ball python bites the cyan ugly thing.
Your ball python bites the cyan ugly thing but does no damage.
Your ball python constricts the cyan ugly thing.
You hit the cyan ugly thing.
The cyan ugly thing is moderately wounded.
Your ball python bites the cyan ugly thing.
The cyan ugly thing gores you!
* * * LOW HITPOINT WARNING * * *
The cyan ugly thing shocks you!
You die...

####### ......# ......#
......# ### <.....#
#..########### .uS...#
#............#
.S....########SSS..###.###
........##.....u.<..>.....
......#...######@..#######
......#.. #...#
........... #...#
.#.#.#....# #...#
.#.#.#..... .....
...#.#....# .......
#....#. ..# .........
##.#.....## .........
#.#.##...


You could see a cyan ugly thing and 3 friendly ball pythons.

Vanquished Creatures
  An ice beast (D:6)
  A sky beast (D:5)
  2 ogres (D:5)
  2 bullfrogs (D:5)
  A water moccasin skeleton (D:5)
  2 scorpions
  2 howler monkeys (D:6)
  A centaur skeleton (D:5)
  An iguana (D:6)
  2 worker ants
  A howler monkey skeleton (D:6)
  4 gnolls
  7 adders
  A shadow imp (D:5)
  An ooze (D:4)
  An adder skeleton (D:6)
  4 worms
  A dart slug (D:1)
  5 leopard geckos
  4 orcs
  A ball python (D:3)
  8 bats
  8 giant cockroaches
  12 goblins
  5 hobgoblins
  7 jackals
  8 frilled lizards
  2 kobolds (D:1)
  2 quokka skeletons
  A quokka zombie (D:6)
  7 rats
105 creatures vanquished.

Vanquished Creatures (collateral kills)
  An ogre (D:5)
  2 scorpions (D:4)
  A centaur zombie (D:6)
  An iguana (D:4)
  2 worms
  2 hobgoblins (D:2)
  A jackal skeleton (D:6)
10 creatures vanquished.

Grand Total: 115 creatures vanquished

Notes
Turn   | Place    | Note
-------+----------+-------------------------------------------
     0 | D:1      | Kniotic the Demigod Transmuter began the quest for the Orb.
     0 | D:1      | Reached XP level 1. HP: 15/15 MP: 5/5
    81 | D:1      | Reached skill level 3 in Unarmed Combat
   136 | D:1      | Reached XP level 2. HP: 20/22 MP: 7/7
   905 | D:1      | Learned a level 2 spell: Sticks to Snakes
   919 | D:1      | Reached XP level 3. HP: 26/27 MP: 9/9
  2084 | D:3      | Reached skill level 4 in Unarmed Combat
  2406 | D:3      | Reached XP level 4. HP: 29/34 MP: 10/10
  3265 | D:4      | Reached XP level 5. HP: 28/39 MP: 7/12
  3384 | D:4      | Reached skill level 5 in Unarmed Combat
  3573 | D:4      | Found a radiant altar of Vehumet.
  3575 | D:4      | Found a snail-covered altar of Cheibriados.
  4057 | D:4      | Found an ornate altar of the Wu Jian Council.
  4465 | D:5      | Entered Level 5 of the Dungeon
  4492 | D:5      | Reached XP level 6. HP: 26/46 MP: 14/14
  5199 | D:5      | Reached skill level 6 in Unarmed Combat
  5509 | D:5      | Found a staircase to the Ecumenical Temple.
  5534 | Temple   | Entered the Ecumenical Temple
  5772 | D:5      | Reached XP level 7. HP: 37/51 MP: 12/16
  6269 | D:6      | Noticed a cyan ugly thing
  6473 | D:6      | Reached skill level 7 in Unarmed Combat
  6993 | D:5      | HP: 1/51 [something (5)]
  7416 | D:6      | Mangled by a cyan ugly thing

Skill      XL: |  1  2  3  4  5  6  7 |
---------------+----------------------+-----
Unarmed Combat | 3 4 5 6 7 |  7.7
Spellcasting   | 2 3 4 |  4.9
Fighting       | |  0.8
Dodging        | |  1.7
Transmutations | |  1.7

Action                   |  1- 3 |  4- 6 |  7- 9 || total
-------------------------+-------+-------+-------++-------
Melee: Unarmed           |   200 |   181 |    84 ||   465
       Kick              |     2 |       |       ||     2
       Punch             |     4 |     7 |     6 ||    17
       Headbutt          |    10 |     9 |    14 ||    33
 Cast: Beastly Appendage |     8 |     7 |     9 ||    24
       Sticks to Snakes  |     2 |    16 |    25 ||    43
  Use: Scroll            |       |     6 |     2 ||     8
       Potion            |       |     1 |       ||     1
 Stab: Sleeping          |       |     1 |       ||     1
       Distracted        |       |     2 |     1 ||     3
  Eat: Chunk             |     5 |    11 |     4 ||    20
       Ration            |       |       |     1 ||     1
Armor: Robe              |    54 |    43 |    28 ||   125
Dodge: Dodged            |   121 |    90 |    37 ||   248
